 Dungeon Crawl Stone Soup version 0.31.0-12-g77e489cdc1 (webtiles) character file.

Game seed: 6805154225121932445

9 Bobsterar the Changeling (level 2, -1/27 HPs)
             Began as an Octopode Shapeshifter on Mar 7, 2024.
             Frozen to death by an endoplasm (3 damage)
             ... on level 1 of the Dungeon.
             The game lasted 00:00:33 (149 turns).

Bobsterar the Changeling (Octopode Shapeshifter)     Turns: 149, Time: 00:00:33

Health: -1/27      AC: 21    Str: 13    XL:     2   Next: 12%
Magic:  2/2        EV: -1    Int: 12    God:
Gold:   25         SH:  0    Dex: 11    Spells: 1/1 levels left

rFire   . .          .
                       - Unarmed
rCold   . . .        (no shield)
rNeg    . . .        (helmet currently unavailable)
rPois   +            (no amulet)
rElec   .            (no ring)
rCorr   .            (no ring)
SInv    .            (no ring)
Will    .....        (no ring)
Stlth   +            (no ring)
HPRegen 0.24/turn    (no ring)
MPRegen 0.08/turn    (no ring)
                     (no ring)

%: no passive effects
@: tree-form, constricted
A: stationary, stasis, torment immunity, boosted hp, almost no armour,
(amphibious), 8 rings, (camouflage 1), (gelatinous body 1), (nimble swimmer 1),
(tentacles)
a: no special abilities


You were on level 1 of the Dungeon.
You were a tree.
You visited 1 branch of the dungeon, and saw 1 of its levels.

You collected 25 gold pieces.

Inventory:

Talismans
 b - a beast talisman (active)
 c - a flux talisman
Scrolls
 d - a scroll of amnesia {unknown}
 e - a scroll of silence {unknown}


   Skills:
 + Level 1.2 Fighting
 + Level 2.1 Dodging
 + Level 3.1 Unarmed Combat
 + Level 0.3 Spellcasting
 * Level 3.1 Shapeshifting


You had one spell level left.
You didn't know any spells.
Your spell library was empty.

Dungeon Overview and Level Annotations

Branches:
Dungeon (1/15)

Altars:


Innate Abilities, Weirdness & Mutations

You are a tree.
Your roots penetrate the ground, keeping you stationary.
You cannot be teleported.
You are immune to unholy pain and torment.
Your maximum health is greatly increased.
You cannot wear most types of armour.
((You are amphibious.))
You can wear up to eight rings at the same time.
((Your skin changes colour to match your surroundings (Stealth+).))
((Your rubbery body absorbs attacks. (AC +1, EV +1)))
((You are camouflaged when in or above water. (Stealth+)))
((You have tentacles for arms and can constrict up to eight enemies at once.))


Message History

The gnoll closely misses you.
You tentacle-slap the gnoll.
The gnoll is moderately wounded.
You constrict the gnoll, but do no damage.
The bat hits you. The bat barely misses you. The gnoll hits you with a +0 club.
You tentacle-slap the gnoll.
The gnoll is heavily wounded.
You constrict the gnoll. The bat misses you.
The ball python completely misses you. The ball python barely misses you.
The bat barely misses you. The gnoll closely misses you.
The endoplasm closely misses you.
You tentacle-slap the gnoll but do no damage.
The gnoll is severely wounded.
You constrict the gnoll. The bat closely misses you.
The ball python closely misses you. The ball python grabs you.
The ball python constricts you. The ball python bites you.
The endoplasm freezes you.
You are frozen.
The endoplasm misses you. The gnoll hits you with a +0 club!
* * * LOW HITPOINT WARNING * * *
Your transformation has ended.
You turn into a tree.
Your roots penetrate the ground.
You lose your grip on the gnoll.
The ball python bites you but does no damage.
The ball python constricts you. The bat hits you but does no damage.
The ball python bites you but does no damage. x2
The ball python constricts you.
* * * LOW HITPOINT WARNING * * *
The endoplasm hits you but does no damage. x2
The gnoll hits you but does no damage.
You are too injured to fight recklessly!
You hit the endoplasm.
The endoplasm is moderately wounded.
The ball python bites you but does no damage.
The bat hits you but does no damage.
The ball python bites you but does no damage.
The ball python constricts you.
The ball python bites you but does no damage.
The endoplasm freezes you.
You are frozen.
You die...

..................
........................
..#.....................
.................##.....
.(...............#_#....
......##..##.#.....#....
......##................
......##.......Jbg......
......###......J♣Sr.....
####### #........S..?...
...............####
####...........#
#...........#
#...........#
......(......#
..)#...##..###


You could see a gnoll, 2 endoplasms, a quokka, a bat and 2 ball pythons.

Vanquished Creatures
  A dart slug (D:1)
  4 endoplasms (D:1)
  A rat (D:1)
6 creatures vanquished.

Notes
Turn   | Place    | Note
-------+----------+-------------------------------------------
     0 | D:1      | Bobsterar the Octopode Shapeshifter began the quest for the
                  | Orb.
     0 | D:1      | Reached XP level 1. HP: 13/13 MP: 1/1
   115 | D:1      | Reached XP level 2. HP: 18/18 MP: 2/2
   137 | D:1      | Found a faded altar of an unknown god.
   148 | D:1      | HP: 1/27 [constriction (1)]
   149 | D:1      | Frozen to death by an endoplasm

Illustrated notes

Levels and vault maps discovered:
D:1:      dpeg_arrival_line_fractal, layout_rooms, ebering_ecumenical_altar_rust

Action                     || total
---------------------------++-------
  Melee: Unarmed           ||    17
         Tentacles         ||     5
         Constrict         ||     3
    Use: Potion            ||     1
   Stab: Sleeping          ||     2
 Armour: Skin              ||    16
  Dodge: Dodged            ||    19
   Form: Beast             ||     1
